Lightning vs Panthers

Created - 17 octobre 2020 at 21:33

Simulating a Pre-Season

Goals
1 2 3 T
Lightning 0 0 0 0
Panthers 3 1 1 5
Shots
1 2 3 T
Lightning 6 8 8 22
Panthers 12 16 6 34

1st period

1. Panthers , Alex Ovechkin 4 (Nikita Kucherov 7, Quinn Hughes 4) at 7:49
2. Panthers , Matthew Tkachuk 5 (Charlie McAvoy 4, Patrik Laine 3) at 15:19
3. Panthers , Jeff Petry 3 (Quinn Hughes 5, Alex Ovechkin 8) at 17:34 (PP)

Penalties :
Samuel Girard (FLA) for Charging (Minor) at 2:11, Alexander Edler (TBL) for Holding Stick (Minor) at 17:20, Alexander Edler (TBL) for High sticking (Minor) at 17:59

2nd period

4. Panthers , Jeff Petry 4 (Mark Scheifele 10) at 16:34

Penalties :
Erik Gudbranson (TBL) for Cross-checking (Minor) at 9:50

3rd period

5. Panthers , Joel Armia 1 (Derek Grant 1, Samuel Girard 6) at 11:54 (SH)

Penalties :
Charlie McAvoy (FLA) for Hooking (Minor) at 7:49, Colton Parayko (FLA) for Hooking (Minor) at 11:41

Goalie Stats

Elvis Merzlikins (TBL), 29 saves from 34 shots - (0,853), L, 4-3-0, 60:00 minutes
Corey Crawford (FLA), 22 saves from 22 shots - (1,000), W, 6-1-0, 60:00 minutes

Players Stats for Lightning

Player Name              G  A  P  +/- PIM S  H  SB GA TA FO     MP     PP MP  PK MP  
------------------------------------------------------------------------------------
Alex Killorn             0  0  0  -1  0   2  3  0  0  0  1/2    19:44   3:13   1:31 
Alexander Edler          0  0  0  -2  4   0  3  3  0  0  0/0    24:08   3:00   0:59 
Bo Horvat                0  0  0  -2  0   5  0  0  0  0  14/29  24:44   2:40   2:41 
Erik Gudbranson          0  0  0  -1  2   1  3  0  0  0  0/0    20:42   2:33   1:10 
Frederik Gauthier        0  0  0   0  0   1  0  1  0  0  8/21   14:50   0:11   0:00 
Jason Demers             0  0  0  -1  0   1  1  7  0  0  0/0    21:54   2:44   2:10 
Jeff Carter              0  0  0  -1  0   1  1  0  0  0  1/1    20:49   3:13   2:36 
Jeff Skinner             0  0  0  -2  0   1  0  0  0  0  0/0    18:22   2:33   0:00 
Joel Kellman             0  0  0  -1  0   0  0  0  0  0  2/5     4:23   0:00   0:00 
Joonas Donskoi           0  0  0   0  0   2  0  0  0  0  0/2    15:12   0:33   0:00 
Kevin Shattenkirk        0  0  0  -3  0   0  1  2  0  0  0/0    21:25   3:13   1:57 
Luca Sbisa               0  0  0   0  0   1  2  0  0  0  0/0    14:17   0:00   1:37 
Matt Martin              0  0  0   0  0   1  2  0  0  0  1/1    15:16   0:11   0:26 
Pierre-Edouard Bellemare 0  0  0  -2  0   2  0  0  0  0  14/23  19:32   2:33   1:10 
Trevor Daley             0  0  0   0  0   0  0  1  0  0  0/0     4:22   0:00   0:26 
Trevor Moore             0  0  0  -1  0   1  0  0  0  0  0/0     4:34   0:11   0:00 
Zach Bogosian            0  0  0  -1  0   0  2  2  0  0  0/0    13:09   0:24   0:05 
Zack Kassian             0  0  0  -2  0   3  7  0  0  0  0/1    18:22   2:33   0:00 

Players Stats for Panthers

Player Name              G  A  P  +/- PIM S  H  SB GA TA FO     MP     PP MP  PK MP  
------------------------------------------------------------------------------------
Aleksander Barkov        0  0  0   1  0   1  0  0  0  0  15/29  19:29   1:51   0:47 
Alex Ovechkin            1  1  2   1  0   6  1  0  0  0  0/1    19:06   1:51   0:24 
Charlie McAvoy           0  1  1   2  2   1  0  1  0  0  0/0    18:10   0:00   2:17 
Colton Parayko           0  0  0   0  2   0  3  0  0  0  0/0    20:44   1:31   2:01 
Derek Grant              0  1  1   1  0   1  0  0  0  0  4/7     7:58   0:00   3:00 
Dylan Larkin             0  0  0   0  0   2  0  0  0  0  11/17  13:34   0:00   2:10 
Jeff Petry               2  0  2   2  0   3  1  1  0  0  0/0    23:14   2:41   2:36 
Joe Thornton             0  0  0   0  0   0  1  0  0  0  0/1     4:58   0:00   0:00 
Joel Armia               1  0  1   1  0   2  2  0  0  0  1/1    14:47   0:00   3:23 
Mark Scheifele           0  1  1   2  0   3  0  0  0  0  13/25  18:59   2:21   0:00 
Matt Calvert             0  0  0   0  0   0  2  0  0  0  0/1    13:34   0:00   2:10 
Matthew Tkachuk          1  0  1   2  0   5  3  0  0  0  0/1    18:59   2:21   0:00 
Nikita Kucherov          0  1  1   1  0   7  1  0  0  0  0/2    18:42   1:51   0:00 
Oskar Sundqvist          0  0  0   0  0   0  1  0  0  0  0/0     4:58   0:00   0:00 
Patrik Laine             0  1  1   2  0   1  1  0  0  0  0/0    18:59   2:21   0:00 
Quinn Hughes             0  2  2   2  0   1  0  0  0  0  0/0    22:01   2:41   2:36 
Samuel Girard            0  1  1   1  2   1  2  0  0  0  0/0    19:54   1:31   2:24 
Zdeno Chara              0  0  0   1  0   0  2  0  0  0  0/0    15:54   0:00   0:00 

3 Stars

1 - Jeff Petry (FLA)
2 - Corey Crawford (FLA)
3 - Matthew Tkachuk (FLA)

Power Play

Lightning - 0 on 3 Attempt(s) - 0,00%
Panthers - 1 on 3 Attempt(s) - 33,33%

Penalty Kill

Lightning - 2 on 3 Attempt(s) - 66,67% - Score 0 goal in Penalty Kill
Panthers - 3 on 3 Attempt(s) - 100,00% - Score 1 goal in Penalty Kill

Team Stat

Lightning - Hits : 25 - Faceoff Wins : 41 - Blocked Shots : 16 - Penalty Minutes : 6
Panthers - Hits : 20 - Faceoff Wins : 44 - Blocked Shots : 2 - Penalty Minutes : 6

Official

Referees : Robert Hennessey and Marc Joannette
Linesman : Kelsey Mahoney and Steve Barton

Game Notes

No Game Note

% Time on Ice - Lightning

Lines # - Real PCT - Wanted PCT - Time Play
Normal Forward
1 - 30% - 40% - 15:00
2 - 32% - 30% - 15:49
3 - 29% - 20% - 14:39
4 - 9% - 10% - 4:23
Normal Defense
1 - 33% - 40% - 16:15
2 - 34% - 30% - 17:00
3 - 25% - 20% - 12:40
4 - 8% - 10% - 3:56
PP Forward
1 - 54% - 60% - 3:13
2 - 46% - 40% - 2:44
PP Defense
1 - 54% - 60% - 3:13
2 - 46% - 40% - 2:44
PK Forward
1 - 74% - 60% - 3:07
2 - 26% - 40% - 1:05
PK Defense
1 - 48% - 60% - 2:02
2 - 52% - 40% - 2:10
PK3 Forward
1 - 0% - 60%
2 - 0% - 40%
PK3 Defense
1 - 0% - 60%
2 - 0% - 40%
44 Forward
1 - 0% - 60%
2 - 0% - 40%
44 Defense
1 - 0% - 60%
2 - 0% - 40%
Last Minute Offensive  - 0:00
Last Minute Defensive  - 0:00
Total
Forward - 60:00
Defense - 60:00

% Time on Ice - Panthers

Lines # - Real PCT - Wanted PCT - Time Play
Normal Forward
1 - 34% - 33% - 16:51
2 - 33% - 33% - 16:38
3 - 23% - 24% - 11:24
4 - 10% - 10% - 4:58
Normal Defense
1 - 34% - 36% - 16:44
2 - 32% - 34% - 16:00
3 - 32% - 30% - 15:54
4 - 2% - 0% - 1:13
PP Forward
1 - 44% - 50% - 1:51
2 - 56% - 50% - 2:21
PP Defense
1 - 64% - 50% - 2:41
2 - 36% - 50% - 1:31
PK Forward
1 - 64% - 60% - 3:47
2 - 36% - 40% - 2:10
PK Defense
1 - 44% - 60% - 2:36
2 - 56% - 40% - 3:21
PK3 Forward
1 - 0% - 60%
2 - 0% - 40%
PK3 Defense
1 - 0% - 60%
2 - 0% - 40%
44 Forward
1 - 0% - 50%
2 - 0% - 50%
44 Defense
1 - 0% - 60%
2 - 0% - 40%
Last Minute Offensive  - 0:00
Last Minute Defensive  - 0:00
Total
Forward - 60:00
Defense - 60:00

Play-by-Play

1st period


0:01 of 1st period - Aleksander Barkov wins face-off versus Bo Horvat in neutral zone.
0:08 of 1st period - Shot by Aleksander Barkov.
0:08 of 1st period - Shot Misses the Net.
0:10 of 1st period - Shot by Quinn Hughes.
0:10 of 1st period - Stopped by Elvis Merzlikins without a rebound.
0:11 of 1st period - Pierre-Edouard Bellemare wins face-off versus Mark Scheifele in Lightning zone.
0:17 of 1st period - Shot by Matthew Tkachuk.
0:17 of 1st period - Deflect By Mark Scheifele.
0:17 of 1st period - Stopped by Elvis Merzlikins without a rebound.
0:18 of 1st period - Joel Armia wins face-off versus Frederik Gauthier in Lightning zone.
1:07 of 1st period - Zach Bogosian is hit by Samuel Girard and loses puck.
1:11 of 1st period - Icing by Colton Parayko.
1:12 of 1st period - Bo Horvat wins face-off versus Mark Scheifele in Panthers zone.
1:33 of 1st period - Shot by Alex Killorn.
1:33 of 1st period - Stopped by Corey Crawford without a rebound.
1:34 of 1st period - Aleksander Barkov wins face-off versus Pierre-Edouard Bellemare in Panthers zone.
1:34 of 1st period - Alex Ovechkin is hit by Zack Kassian and loses puck.
2:00 of 1st period - Shot by Jeff Skinner.
2:00 of 1st period - Stopped by Corey Crawford without a rebound.
2:01 of 1st period - Bo Horvat wins face-off versus Joe Thornton in Panthers zone.
2:10 of 1st period - Shot by Alex Killorn.
2:10 of 1st period - Shot Misses the Net.
2:11 of 1st period - Minor Penalty to Samuel Girard for Charging.
2:12 of 1st period - Derek Grant wins face-off versus Bo Horvat in Panthers zone.
2:40 of 1st period - Icing by Alex Killorn.
2:41 of 1st period - Dylan Larkin wins face-off versus Bo Horvat in Lightning zone.
3:22 of 1st period - Shot by Zack Kassian.
3:22 of 1st period - Stopped by Corey Crawford with a rebound.
3:24 of 1st period - Shot by Jason Demers.
3:24 of 1st period - Shot Misses the Net.
3:26 of 1st period - Shot by Jason Demers.
3:26 of 1st period - Shot Misses the Net.
3:28 of 1st period - Shot by Erik Gudbranson.
3:28 of 1st period - Stopped by Corey Crawford without a rebound.
3:29 of 1st period - Pierre-Edouard Bellemare wins face-off versus Dylan Larkin in Panthers zone.
3:36 of 1st period - Shot by Zack Kassian.
3:36 of 1st period - Shot Misses the Net.
4:33 of 1st period - Shot by Nikita Kucherov.
4:33 of 1st period - Stopped by Elvis Merzlikins without a rebound.
4:34 of 1st period - Bo Horvat wins face-off versus Mark Scheifele in Lightning zone.
6:36 of 1st period - Icing by Colton Parayko.
6:37 of 1st period - Frederik Gauthier wins face-off versus Dylan Larkin in Panthers zone.
6:53 of 1st period - Icing by Jason Demers.
6:54 of 1st period - Mark Scheifele wins face-off versus Frederik Gauthier in Lightning zone.
7:26 of 1st period - Off-side.
7:27 of 1st period - Pierre-Edouard Bellemare wins face-off versus Aleksander Barkov in neutral zone.
7:31 of 1st period - Off-side.
7:32 of 1st period - Pierre-Edouard Bellemare wins face-off versus Alex Ovechkin in neutral zone.
7:47 of 1st period - Shot by Alex Ovechkin.
7:47 of 1st period - Shot Misses the Net.
7:49 of 1st period - Shot by Nikita Kucherov.
7:49 of 1st period - Deflect By Alex Ovechkin.
7:49 of 1st period - Goal by Alex Ovechkin - Lightning : 0 - Panthers : 1.
7:50 of 1st period - Joel Kellman wins face-off versus Mark Scheifele in neutral zone.
8:06 of 1st period - Shot by Matthew Tkachuk.
8:06 of 1st period - Shot Misses the Net.
8:58 of 1st period - Derek Grant is hit by Zack Kassian.
9:25 of 1st period - Shot by Zack Kassian.
9:25 of 1st period - Stopped by Corey Crawford with a rebound.
9:27 of 1st period - Shot by Pierre-Edouard Bellemare.
9:27 of 1st period - Deflect By Jeff Skinner.
9:27 of 1st period - Shot Misses the Net.
9:51 of 1st period - Shot by Alex Ovechkin.
9:51 of 1st period - Shot Misses the Net.
9:53 of 1st period - Shot by Alex Ovechkin.
9:53 of 1st period - Shot Misses the Net.
9:55 of 1st period - Shot by Aleksander Barkov.
9:55 of 1st period - Shot Blocked by Zach Bogosian.
10:02 of 1st period - Icing by Zach Bogosian.
10:03 of 1st period - Dylan Larkin wins face-off versus Joonas Donskoi in Lightning zone.
10:06 of 1st period - Shot by Joel Armia.
10:06 of 1st period - Shot Misses the Net.
11:23 of 1st period - Shot by Alex Ovechkin.
11:23 of 1st period - Deflect By Nikita Kucherov.
11:23 of 1st period - Stopped by Elvis Merzlikins without a rebound.
11:24 of 1st period - Frederik Gauthier wins face-off versus Mark Scheifele in Lightning zone.
12:56 of 1st period - Shot by Nikita Kucherov.
12:56 of 1st period - Stopped by Elvis Merzlikins without a rebound.
12:57 of 1st period - Derek Grant wins face-off versus Bo Horvat in Lightning zone.
12:57 of 1st period - Derek Grant is hit by Jason Demers.
13:15 of 1st period - Shot by Derek Grant.
13:15 of 1st period - Shot Misses the Net.
13:33 of 1st period - Oskar Sundqvist is hit by Jeff Carter and loses puck.
13:43 of 1st period - Icing by Colton Parayko.
13:44 of 1st period - Pierre-Edouard Bellemare wins face-off versus Derek Grant in Panthers zone.
14:12 of 1st period - Shot by Zack Kassian.
14:12 of 1st period - Shot Misses the Net.
14:47 of 1st period - Icing by Jeff Petry.
14:48 of 1st period - Jeff Carter wins face-off versus Aleksander Barkov in Panthers zone.
14:57 of 1st period - Shot by Bo Horvat.
14:57 of 1st period - Stopped by Corey Crawford without a rebound.
14:58 of 1st period - Mark Scheifele wins face-off versus Joel Kellman in Panthers zone.
15:19 of 1st period - Shot by Matthew Tkachuk.
15:19 of 1st period - Goal by Matthew Tkachuk - Lightning : 0 - Panthers : 2.
15:20 of 1st period - Bo Horvat wins face-off versus Dylan Larkin in neutral zone.
15:33 of 1st period - Kevin Shattenkirk is hit by Matt Calvert and loses puck.
15:40 of 1st period - Shot by Dylan Larkin.
15:40 of 1st period - Stopped by Elvis Merzlikins without a rebound.
15:41 of 1st period - Mark Scheifele wins face-off versus Joonas Donskoi in Lightning zone.
15:49 of 1st period - Icing by Jason Demers.
15:50 of 1st period - Mark Scheifele wins face-off versus Frederik Gauthier in Lightning zone.
16:51 of 1st period - Shot by Nikita Kucherov.
16:51 of 1st period - Shot Blocked by Jason Demers.
16:53 of 1st period - Shot by Zdeno Chara.
16:53 of 1st period - Shot Misses the Net.
16:55 of 1st period - Shot by Charlie McAvoy.
16:55 of 1st period - Stopped by Elvis Merzlikins without a rebound.
16:56 of 1st period - Bo Horvat wins face-off versus Dylan Larkin in Lightning zone.
17:20 of 1st period - Minor Penalty to Alexander Edler for Holding Stick.
17:21 of 1st period - Aleksander Barkov wins face-off versus Bo Horvat in Lightning zone.
17:26 of 1st period - Shot by Alex Ovechkin.
17:26 of 1st period - Shot Misses the Net.
17:32 of 1st period - Shot by Quinn Hughes.
17:32 of 1st period - Shot Blocked by Kevin Shattenkirk.
17:34 of 1st period - Shot by Jeff Petry.
17:34 of 1st period - Goal by Jeff Petry - Lightning : 0 - Panthers : 3.
17:35 of 1st period - Mark Scheifele wins face-off versus Pierre-Edouard Bellemare in neutral zone.
17:59 of 1st period - Minor Penalty to Alexander Edler for High sticking.
18:00 of 1st period - Aleksander Barkov wins face-off versus Bo Horvat in Lightning zone.
18:03 of 1st period - Shot by Nikita Kucherov.
18:03 of 1st period - Shot Blocked by Jason Demers.
18:09 of 1st period - Shot by Colton Parayko.
18:09 of 1st period - Shot Misses the Net.
18:11 of 1st period - Shot by Colton Parayko.
18:11 of 1st period - Shot Misses the Net.
18:13 of 1st period - Shot by Samuel Girard.
18:13 of 1st period - Shot Misses the Net.
18:15 of 1st period - Shot by Samuel Girard.
18:15 of 1st period - Shot Blocked by Jason Demers.
18:17 of 1st period - Shot by Aleksander Barkov.
18:17 of 1st period - Shot Misses the Net.
18:33 of 1st period - Shot by Alex Ovechkin.
18:33 of 1st period - Stopped by Elvis Merzlikins with a rebound.
18:35 of 1st period - Shot by Samuel Girard.
18:35 of 1st period - Shot Misses the Net.
18:37 of 1st period - Shot by Colton Parayko.
18:37 of 1st period - Shot Blocked by Jason Demers.
18:59 of 1st period - Shot by Mark Scheifele.
18:59 of 1st period - Shot Blocked by Jason Demers.
19:01 of 1st period - Shot by Quinn Hughes.
19:01 of 1st period - Shot Blocked by Jason Demers.
19:09 of 1st period - Shot by Mark Scheifele.
19:09 of 1st period - Stopped by Elvis Merzlikins without a rebound.
19:10 of 1st period - Mark Scheifele wins face-off versus Alex Killorn in Lightning zone.
19:39 of 1st period - Shot by Quinn Hughes.
19:39 of 1st period - Shot Misses the Net.
Goals for this period are 0 for Lightning vs 3 for Panthers.
Shots for this period are 6 for Lightning vs 12 for Panthers.

2nd period


0:01 of 2nd period - Bo Horvat wins face-off versus Aleksander Barkov in neutral zone.
0:11 of 2nd period - Shot by Alex Killorn.
0:11 of 2nd period - Shot Misses the Net.
0:35 of 2nd period - Shot by Quinn Hughes.
0:35 of 2nd period - Shot Misses the Net.
0:41 of 2nd period - Shot by Nikita Kucherov.
0:41 of 2nd period - Stopped by Elvis Merzlikins without a rebound.
0:42 of 2nd period - Pierre-Edouard Bellemare wins face-off versus Dylan Larkin in Lightning zone.
1:01 of 2nd period - Shot by Zack Kassian.
1:01 of 2nd period - Shot Misses the Net.
1:22 of 2nd period - Icing by Dylan Larkin.
1:23 of 2nd period - Frederik Gauthier wins face-off versus Matt Calvert in Panthers zone.
1:50 of 2nd period - Shot by Frederik Gauthier.
1:50 of 2nd period - Stopped by Corey Crawford without a rebound.
1:51 of 2nd period - Aleksander Barkov wins face-off versus Bo Horvat in Panthers zone.
2:00 of 2nd period - Shot by Nikita Kucherov.
2:00 of 2nd period - Stopped by Elvis Merzlikins without a rebound.
2:01 of 2nd period - Mark Scheifele wins face-off versus Joel Kellman in Lightning zone.
2:01 of 2nd period - Mark Scheifele is hit by Alexander Edler.
2:34 of 2nd period - Patrik Laine is hit by Kevin Shattenkirk and loses puck.
2:41 of 2nd period - Shot by Matthew Tkachuk.
2:41 of 2nd period - Stopped by Elvis Merzlikins without a rebound.
2:42 of 2nd period - Aleksander Barkov wins face-off versus Pierre-Edouard Bellemare in Lightning zone.
2:42 of 2nd period - Samuel Girard is hit by Erik Gudbranson.
2:44 of 2nd period - Shot by Colton Parayko.
2:44 of 2nd period - Shot Misses the Net.
2:56 of 2nd period - Shot by Jason Demers.
2:56 of 2nd period - Stopped by Corey Crawford without a rebound.
2:57 of 2nd period - Dylan Larkin wins face-off versus Frederik Gauthier in Panthers zone.
3:14 of 2nd period - Shot by Joonas Donskoi.
3:14 of 2nd period - Stopped by Corey Crawford without a rebound.
3:15 of 2nd period - Aleksander Barkov wins face-off versus Bo Horvat in Panthers zone.
3:26 of 2nd period - Shot by Alex Ovechkin.
3:26 of 2nd period - Shot Misses the Net.
3:30 of 2nd period - Shot by Alex Ovechkin.
3:30 of 2nd period - Deflect By Aleksander Barkov.
3:30 of 2nd period - Shot Blocked by Alexander Edler.
3:32 of 2nd period - Shot by Alex Ovechkin.
3:32 of 2nd period - Stopped by Elvis Merzlikins without a rebound.
3:33 of 2nd period - Pierre-Edouard Bellemare wins face-off versus Mark Scheifele in Lightning zone.
3:33 of 2nd period - Pierre-Edouard Bellemare is hit by Matthew Tkachuk.
3:41 of 2nd period - Shot by Pierre-Edouard Bellemare.
3:41 of 2nd period - Stopped by Corey Crawford without a rebound.
3:42 of 2nd period - Bo Horvat wins face-off versus Aleksander Barkov in Panthers zone.
4:04 of 2nd period - Shot by Alex Ovechkin.
4:04 of 2nd period - Shot Blocked by Kevin Shattenkirk.
4:14 of 2nd period - Colton Parayko is hit by Alex Killorn.
4:50 of 2nd period - Shot by Mark Scheifele.
4:50 of 2nd period - Stopped by Elvis Merzlikins without a rebound.
4:51 of 2nd period - Dylan Larkin wins face-off versus Pierre-Edouard Bellemare in Lightning zone.
5:05 of 2nd period - Icing by Jason Demers.
5:06 of 2nd period - Pierre-Edouard Bellemare wins face-off versus Matthew Tkachuk in Lightning zone.
5:06 of 2nd period - Pierre-Edouard Bellemare is hit by Matthew Tkachuk.
5:12 of 2nd period - Jeff Petry is hit by Zack Kassian and loses puck.
5:23 of 2nd period - Shot by Patrik Laine.
5:23 of 2nd period - Stopped by Elvis Merzlikins without a rebound.
5:24 of 2nd period - Frederik Gauthier wins face-off versus Aleksander Barkov in Lightning zone.
5:32 of 2nd period - Nikita Kucherov is hit by Zach Bogosian and loses puck.
6:05 of 2nd period - Shot by Aleksander Barkov.
6:05 of 2nd period - Deflect By Alex Ovechkin.
6:05 of 2nd period - Stopped by Elvis Merzlikins without a rebound.
6:06 of 2nd period - Pierre-Edouard Bellemare wins face-off versus Mark Scheifele in Lightning zone.
7:20 of 2nd period - Bo Horvat is hit by Joel Armia and loses puck.
7:44 of 2nd period - Icing by Joonas Donskoi.
7:45 of 2nd period - Frederik Gauthier wins face-off versus Aleksander Barkov in Lightning zone.
8:51 of 2nd period - Derek Grant is hit by Zack Kassian and loses puck.
8:58 of 2nd period - Alexander Edler is hit by Oskar Sundqvist and loses puck.
9:49 of 2nd period - Mark Scheifele is hit by Erik Gudbranson and loses puck.
9:50 of 2nd period - Minor Penalty to Erik Gudbranson for Cross-checking.
9:51 of 2nd period - Bo Horvat wins face-off versus Mark Scheifele in Lightning zone.
10:04 of 2nd period - Shot by Matthew Tkachuk.
10:04 of 2nd period - Shot Misses the Net.
10:06 of 2nd period - Shot by Matthew Tkachuk.
10:06 of 2nd period - Stopped by Elvis Merzlikins without a rebound.
10:07 of 2nd period - Aleksander Barkov wins face-off versus Bo Horvat in Lightning zone.
10:12 of 2nd period - Shot by Nikita Kucherov.
10:12 of 2nd period - Stopped by Elvis Merzlikins without a rebound.
10:13 of 2nd period - Bo Horvat wins face-off versus Mark Scheifele in Lightning zone.
10:13 of 2nd period - Bo Horvat is hit by Matthew Tkachuk.
10:28 of 2nd period - Off-side.
10:29 of 2nd period - Aleksander Barkov wins face-off versus Bo Horvat in neutral zone.
10:40 of 2nd period - Shot by Nikita Kucherov.
10:40 of 2nd period - Stopped by Elvis Merzlikins without a rebound.
10:41 of 2nd period - Alex Killorn wins face-off versus Mark Scheifele in Lightning zone.
11:49 of 2nd period - Shot by Samuel Girard.
11:49 of 2nd period - Stopped by Elvis Merzlikins without a rebound.
11:50 of 2nd period - Dylan Larkin wins face-off versus Frederik Gauthier in Lightning zone.
12:09 of 2nd period - Shot by Charlie McAvoy.
12:09 of 2nd period - Shot Blocked by Alexander Edler.
12:11 of 2nd period - Shot by Joel Armia.
12:11 of 2nd period - Shot Misses the Net.
12:13 of 2nd period - Shot by Joel Armia.
12:13 of 2nd period - Shot Misses the Net.
12:15 of 2nd period - Shot by Joel Armia.
12:15 of 2nd period - Shot Blocked by Trevor Daley.
12:37 of 2nd period - Icing by Matt Martin.
12:38 of 2nd period - Frederik Gauthier wins face-off versus Aleksander Barkov in Lightning zone.
12:59 of 2nd period - Icing by Jason Demers.
13:00 of 2nd period - Mark Scheifele wins face-off versus Pierre-Edouard Bellemare in Lightning zone.
13:21 of 2nd period - Shot by Mark Scheifele.
13:21 of 2nd period - Deflect By Matthew Tkachuk.
13:21 of 2nd period - Shot Misses the Net.
13:23 of 2nd period - Shot by Mark Scheifele.
13:23 of 2nd period - Shot Misses the Net.
13:25 of 2nd period - Shot by Jeff Petry.
13:25 of 2nd period - Stopped by Elvis Merzlikins without a rebound.
13:26 of 2nd period - Aleksander Barkov wins face-off versus Bo Horvat in Lightning zone.
13:30 of 2nd period - Icing by Zach Bogosian.
13:31 of 2nd period - Bo Horvat wins face-off versus Aleksander Barkov in Lightning zone.
13:31 of 2nd period - Bo Horvat is hit by Nikita Kucherov.
13:37 of 2nd period - Shot by Bo Horvat.
13:37 of 2nd period - Stopped by Corey Crawford with a rebound.
13:39 of 2nd period - Shot by Bo Horvat.
13:39 of 2nd period - Shot Misses the Net.
13:46 of 2nd period - Bo Horvat is hit by Zdeno Chara and loses puck.
13:51 of 2nd period - Shot by Jeff Carter.
13:51 of 2nd period - Stopped by Corey Crawford without a rebound.
13:52 of 2nd period - Mark Scheifele wins face-off versus Pierre-Edouard Bellemare in Panthers zone.
13:52 of 2nd period - Mark Scheifele is hit by Zack Kassian.
14:09 of 2nd period - Matthew Tkachuk is hit by Alexander Edler and loses puck.
14:16 of 2nd period - Shot by Mark Scheifele.
14:16 of 2nd period - Shot Misses the Net.
14:56 of 2nd period - Shot by Nikita Kucherov.
14:56 of 2nd period - Shot Blocked by Alexander Edler.
14:58 of 2nd period - Shot by Alex Ovechkin.
14:58 of 2nd period - Deflect By Aleksander Barkov.
14:58 of 2nd period - Stopped by Elvis Merzlikins without a rebound.
14:59 of 2nd period - Dylan Larkin wins face-off versus Bo Horvat in Lightning zone.
15:02 of 2nd period - Shot by Joel Armia.
15:02 of 2nd period - Stopped by Elvis Merzlikins with a rebound.
15:12 of 2nd period - Off-side.
15:13 of 2nd period - Matt Martin wins face-off versus Nikita Kucherov in neutral zone.
15:26 of 2nd period - Shot by Frederik Gauthier.
15:26 of 2nd period - Shot Misses the Net.
15:28 of 2nd period - Shot by Luca Sbisa.
15:28 of 2nd period - Stopped by Corey Crawford without a rebound.
15:29 of 2nd period - Dylan Larkin wins face-off versus Bo Horvat in Panthers zone.
15:29 of 2nd period - Dylan Larkin is hit by Alex Killorn.
16:30 of 2nd period - Shot by Matthew Tkachuk.
16:30 of 2nd period - Stopped by Elvis Merzlikins without a rebound.
16:31 of 2nd period - Mark Scheifele wins face-off versus Pierre-Edouard Bellemare in Lightning zone.
16:31 of 2nd period - Jeff Petry is hit by Alexander Edler and loses puck.
16:34 of 2nd period - Shot by Jeff Petry.
16:34 of 2nd period - Goal by Jeff Petry - Lightning : 0 - Panthers : 4.
16:35 of 2nd period - Pierre-Edouard Bellemare wins face-off versus Mark Scheifele in neutral zone.
16:48 of 2nd period - Alexander Edler is hit by Patrik Laine and loses puck.
16:56 of 2nd period - Icing by Kevin Shattenkirk.
16:57 of 2nd period - Aleksander Barkov wins face-off versus Zack Kassian in Lightning zone.
17:00 of 2nd period - Shot by Nikita Kucherov.
17:00 of 2nd period - Shot Misses the Net.
18:05 of 2nd period - Off-side.
18:06 of 2nd period - Dylan Larkin wins face-off versus Frederik Gauthier in neutral zone.
18:32 of 2nd period - Icing by Frederik Gauthier.
18:33 of 2nd period - Mark Scheifele wins face-off versus Frederik Gauthier in Lightning zone.
18:42 of 2nd period - Shot by Mark Scheifele.
18:42 of 2nd period - Shot Blocked by Frederik Gauthier.
19:33 of 2nd period - Shot by Alex Killorn.
19:33 of 2nd period - Stopped by Corey Crawford without a rebound.
19:34 of 2nd period - Dylan Larkin wins face-off versus Pierre-Edouard Bellemare in Panthers zone.
19:44 of 2nd period - Jason Demers is hit by Zdeno Chara and loses puck.
19:59 of 2nd period - Shot by Jeff Skinner.
19:59 of 2nd period - Deflect By Pierre-Edouard Bellemare.
19:59 of 2nd period - Shot Blocked by Charlie McAvoy.
Goals for this period are 0 for Lightning vs 1 for Panthers.
Shots for this period are 8 for Lightning vs 16 for Panthers.

3rd period


0:01 of 3rd period - Bo Horvat wins face-off versus Aleksander Barkov in neutral zone.
0:26 of 3rd period - Shot by Bo Horvat.
0:26 of 3rd period - Stopped by Corey Crawford with a rebound.
0:40 of 3rd period - Shot by Alex Ovechkin.
0:40 of 3rd period - Stopped by Elvis Merzlikins with a rebound.
1:27 of 3rd period - Shot by Mark Scheifele.
1:27 of 3rd period - Shot Misses the Net.
1:29 of 3rd period - Shot by Samuel Girard.
1:29 of 3rd period - Shot Blocked by Jason Demers.
1:49 of 3rd period - Shot by Dylan Larkin.
1:49 of 3rd period - Stopped by Elvis Merzlikins without a rebound.
1:50 of 3rd period - Frederik Gauthier wins face-off versus Derek Grant in Lightning zone.
2:00 of 3rd period - Icing by Charlie McAvoy.
2:01 of 3rd period - Derek Grant wins face-off versus Frederik Gauthier in Panthers zone.
2:01 of 3rd period - Derek Grant is hit by Matt Martin.
2:30 of 3rd period - Shot by Derek Grant.
2:30 of 3rd period - Stopped by Elvis Merzlikins without a rebound.
2:31 of 3rd period - Pierre-Edouard Bellemare wins face-off versus Nikita Kucherov in Lightning zone.
2:56 of 3rd period - Shot by Alex Ovechkin.
2:56 of 3rd period - Stopped by Elvis Merzlikins without a rebound.
2:57 of 3rd period - Bo Horvat wins face-off versus Mark Scheifele in Lightning zone.
3:01 of 3rd period - Kevin Shattenkirk is hit by Samuel Girard and loses puck.
3:46 of 3rd period - Off-side.
3:47 of 3rd period - Aleksander Barkov wins face-off versus Pierre-Edouard Bellemare in neutral zone.
5:16 of 3rd period - Shot by Matt Martin.
5:16 of 3rd period - Shot Misses the Net.
6:14 of 3rd period - Off-side.
6:15 of 3rd period - Joel Kellman wins face-off versus Aleksander Barkov in neutral zone.
6:32 of 3rd period - Shot by Trevor Daley.
6:32 of 3rd period - Shot Misses the Net.
7:27 of 3rd period - Erik Gudbranson is hit by Joe Thornton and loses puck.
7:49 of 3rd period - Minor Penalty to Charlie McAvoy for Hooking.
7:50 of 3rd period - Bo Horvat wins face-off versus Aleksander Barkov in Panthers zone.
8:04 of 3rd period - Bo Horvat is hit by Colton Parayko.
8:59 of 3rd period - Samuel Girard is hit by Zack Kassian and loses puck.
9:48 of 3rd period - Jason Demers is hit by Colton Parayko and loses puck.
10:00 of 3rd period - Patrik Laine is hit by Luca Sbisa and loses puck.
10:04 of 3rd period - Mark Scheifele is hit by Luca Sbisa and loses puck.
10:16 of 3rd period - Matthew Tkachuk is hit by Zach Bogosian and loses puck.
10:25 of 3rd period - Shot by Patrik Laine.
10:25 of 3rd period - Shot Blocked by Zach Bogosian.
10:27 of 3rd period - Shot by Matthew Tkachuk.
10:27 of 3rd period - Stopped by Elvis Merzlikins without a rebound.
10:28 of 3rd period - Frederik Gauthier wins face-off versus Aleksander Barkov in Lightning zone.
10:33 of 3rd period - Shot by Matt Martin.
10:33 of 3rd period - Stopped by Corey Crawford without a rebound.
10:34 of 3rd period - Aleksander Barkov wins face-off versus Frederik Gauthier in Panthers zone.
11:08 of 3rd period - Frederik Gauthier is hit by Alex Ovechkin.
11:21 of 3rd period - Jeff Petry is hit by Erik Gudbranson and loses puck.
11:41 of 3rd period - Minor Penalty to Colton Parayko for Hooking.
11:42 of 3rd period - Derek Grant wins face-off versus Bo Horvat in Panthers zone.
11:42 of 3rd period - Derek Grant is hit by Alex Killorn.
11:54 of 3rd period - Shot by Joel Armia.
11:54 of 3rd period - Goal by Joel Armia - Lightning : 0 - Panthers : 5.
11:55 of 3rd period - Pierre-Edouard Bellemare wins face-off versus Derek Grant in neutral zone.
12:56 of 3rd period - Shot by Bo Horvat.
12:56 of 3rd period - Stopped by Corey Crawford without a rebound.
12:57 of 3rd period - Dylan Larkin wins face-off versus Bo Horvat in Panthers zone.
14:28 of 3rd period - Trevor Moore is hit by Jeff Petry and loses puck.
14:47 of 3rd period - Shot by Bo Horvat.
14:47 of 3rd period - Shot Misses the Net.
14:49 of 3rd period - Shot by Bo Horvat.
14:49 of 3rd period - Stopped by Corey Crawford with a rebound.
14:51 of 3rd period - Shot by Jason Demers.
14:51 of 3rd period - Shot Blocked by Jeff Petry.
14:53 of 3rd period - Shot by Bo Horvat.
14:53 of 3rd period - Deflect By Trevor Moore.
14:53 of 3rd period - Stopped by Corey Crawford without a rebound.
14:54 of 3rd period - Pierre-Edouard Bellemare wins face-off versus Aleksander Barkov in Panthers zone.
15:10 of 3rd period - Off-side.
15:11 of 3rd period - Bo Horvat wins face-off versus Dylan Larkin in neutral zone.
15:11 of 3rd period - Bo Horvat is hit by Joel Armia.
15:44 of 3rd period - Alex Killorn is hit by Matt Calvert and loses puck.
16:37 of 3rd period - Pierre-Edouard Bellemare is hit by Colton Parayko and loses puck.
16:54 of 3rd period - Icing by Samuel Girard.
16:55 of 3rd period - Aleksander Barkov wins face-off versus Frederik Gauthier in Panthers zone.
17:18 of 3rd period - Shot by Joonas Donskoi.
17:18 of 3rd period - Stopped by Corey Crawford without a rebound.
17:19 of 3rd period - Dylan Larkin wins face-off versus Joel Kellman in Panthers zone.
18:10 of 3rd period - Shot by Zack Kassian.
18:10 of 3rd period - Stopped by Corey Crawford without a rebound.
18:11 of 3rd period - Mark Scheifele wins face-off versus Frederik Gauthier in Panthers zone.
18:11 of 3rd period - Mark Scheifele is hit by Matt Martin.
18:17 of 3rd period - Off-side.
18:18 of 3rd period - Mark Scheifele wins face-off versus Frederik Gauthier in neutral zone.
18:30 of 3rd period - Icing by Jason Demers.
18:31 of 3rd period - Aleksander Barkov wins face-off versus Frederik Gauthier in Lightning zone.
18:47 of 3rd period - Icing by Colton Parayko.
18:48 of 3rd period - Pierre-Edouard Bellemare wins face-off versus Aleksander Barkov in Panthers zone.
19:03 of 3rd period - Alex Ovechkin is hit by Zack Kassian.
19:15 of 3rd period - Shot by Pierre-Edouard Bellemare.
19:15 of 3rd period - Stopped by Corey Crawford with a rebound.
Goals for this period are 0 for Lightning vs 1 for Panthers.
Shots for this period are 8 for Lightning vs 6 for Panthers.